 Dungeon Crawl Stone Soup version 0.19.5 (webtiles) character file.

2721285 4Hooves2Appendages the Tortoise (level 27, 239/239 HPs)
             Began as a Deep Dwarf Transmuter on Apr 23, 2017.
             Was the Champion of Makhleb.
             Escaped with the Orb
             ... and 5 runes on May 12, 2017!
             The game lasted 19:29:42 (91004 turns).

4Hooves2Appendages the Tortoise (DDTm)             Turns: 91004, Time: 19:29:43

Health: 239/239    AC: 42    Str: 19    XL:     27
Magic:  22/22      EV: 18    Int: 19    God:    Makhleb [******]
Gold:   4545       SH: 32    Dex: 13    Spells: 12 memorised, 15 levels left

rFire  + . .     SeeInvis .     a - +9 broad axe (chop)
rCold  + . .     Gourm    .     F - +10 plate armour {MR+}
rNeg   + + .     Faith    +     H - +18 shield of the Gong {rElec rN+ MR+ EV-5}
rPois  +         Spirit   .     (helmet restricted)
rElec  +         Reflect  .     g - +2 cloak {rPois}
rCorr  .         Harm     .     W - +2 pair of gloves of Biom {*Drain MR+ Int+3}
MR     +++++     Rnd*Rage +     K - +2 pair of boots {run}
Stlth  ..........               M - amulet of faith
                                n - ring of Shaolin {EV+8}
                                f - ring of protection from fire

@: non-regenerating, studying Charms, quick
A: damage resistance, recharge devices, fangs 1, horns 1, talons 1, rugged brown
scales 2, berserk 1, blurry vision 2, clumsy 2, cold resistance 1, deterioration
1, frail 1, magic resistance 1, negative energy resistance 1, sense surroundings
3, screaming 2, slow regeneration 3, weak 1, wild magic 1
a: Device Recharging, Minor Destruction, Lesser Servant of Makhleb, Major
Destruction, Greater Servant of Makhleb, Renounce Religion
0: Orb of Zot
}: 5/15 runes: barnacled, slimy, silver, abyssal, gossamer


You escaped.
You worshipped Makhleb.
Makhleb was exalted by your worship.
You were very full.

You visited 12 branches of the dungeon, and saw 58 of its levels.
You visited the Abyss 1 time.
You also visited: Labyrinth, Ice Cave and Wizlab.

You collected 9627 gold pieces.
You spent 5082 gold pieces at shops.

Inventory:

Hand Weapons
 a - a +9 broad axe of chopping (weapon)
 d - a +6 sacred scourge of holy wrath
Missiles
 c - 5 needles of paralysis
 m - 46 javelins (quivered)
 v - 4 javelins of penetration
 D - 48 poisoned needles
 G - 6 tomahawks of dispersal
 T - 32 curare-tipped needles
 V - 3 throwing nets
Armour
 g - a +2 cloak of poison resistance (worn)
 F - a +10 plate armour of magic resistance (worn)
 H - the +18 shield of the Gong (worn) {rElec rN+ MR+ EV-5}
   (You found it on level 3 of the Depths)

   It affects your evasion (-5).
   It insulates you from electricity.
   It protects you from negative energy.
   It affects your resistance to hostile enchantments.
 K - a +2 pair of boots of running (worn)
 W - the +2 pair of gloves of Biom (worn) {*Drain MR+ Int+3}
   (You found it on level 3 of the Depths)

   It affects your intelligence (+3).
   It affects your resistance to hostile enchantments.
   It causes draining when unequipped.
Rods
 b - a +8 lightning rod (14/14)
   (You took it off a deep elf sorcerer on level 3 of the Elven Halls)
Jewellery
 f - a ring of protection from fire (left hand)
 n - the ring of Shaolin (right hand) {EV+8}
   (You took it off a deep elf annihilator on level 3 of the Elven Halls)

   [ring of evasion]

   It affects your evasion (+8).
 o - the ring of Buridwaa {+Fly rN+ Dex+7}
   (You found it on level 3 of the Crypt)

   [ring of flight]

   It affects your dexterity (+7).
   It protects you from negative energy.
   It lets you fly.
 r - the ring "Ydwa Ginau" {rCorr rElec rN+ Stlth+}
   (You took it off a tengu reaver on level 3 of the Depths)

   [ring of resist corrosion]

   It insulates you from electricity.
   It protects you from negative energy.
   It makes you more stealthy.
 s - the ring of Adituiq {+Blink rC++ Str-3 Dex+4 SInv}
   (You found it on level 4 of the Vaults)

   [ring of see invisible]

   It affects your strength (-3).
   It affects your dexterity (+4).
   It greatly protects you from cold.
   It lets you see invisible.
   It lets you blink.
 M - an amulet of faith (around neck)
Wands
 j - a wand of enslavement (6/24)
 I - a wand of teleportation (7/9)
 J - a wand of teleportation (2/9)
 L - a wand of digging (4/24)
 N - a wand of heal wounds (3/9)
Scrolls
 e - 3 scrolls of blinking
 k - 6 scrolls of fear
 t - 11 scrolls of fog
 x - 7 scrolls of magic mapping
 z - 4 scrolls of remove curse
 O - 3 scrolls of teleportation
Potions
 h - 5 potions of cancellation
 l - 3 potions of berserk rage
 q - 6 potions of agility
 u - 11 potions of heal wounds
 y - 11 potions of curing
 C - 5 potions of resistance
 P - a potion of invisibility
 Q - a potion of haste
 S - 3 potions of might
 Y - 3 potions of magic
Books
 E - a manual of Charms
Miscellaneous
 i - 6 boxes of beasts
 p - a lamp of fire
 w - a phial of floods
 R - 4 phantom mirrors
 U - 3 sacks of spiders
 X - a fan of gales
 Z - a disc of storms
Comestibles
 A - 18 bread rations
 B - 56 fruits


   Skills:
 - Level 16.0 Fighting
   Level 4.0 Short Blades
 - Level 19.7(20.0) Axes
 - Level 6.0(13.5) Maces & Flails
 - Level 16.0 Throwing
 - Level 20.1 Armour
 + Level 18.3 Dodging
 - Level 15.0 Shields
 - Level 3.4 Unarmed Combat
 - Level 6.0 Spellcasting
 - Level 11.5 Hexes
 - Level 15.2 Charms
 - Level 8.0 Summonings
 - Level 8.1 Necromancy
 - Level 15.0 Translocations
 - Level 5.0 Transmutations
 - Level 9.1 Earth Magic
 - Level 15.0 Invocations
 - Level 19.3 Evocations


You had 15 spell levels left.
You knew the following spells:

 Your Spells              Type           Power        Failure   Level  Hunger
a - Apportation           Tloc           ######....   1%          1    None
b - Animate Skeleton      Necr           N/A          6%          1    None
c - Beastly Appendage     Tmut           ####..       17%         1    None
d - Sticks to Snakes      Tmut           ####....     24%         2    None
e - Summon Butterflies    Summ           #####...     6%          1    None
f - Lesser Beckoning      Tloc           ######....   1%          3    ##.....
g - Blink                 Tloc           N/A          1%          2    None
h - Passwall              Tmut/Erth      #####.....   14%         2    None
i - Song of Slaying       Chrm           ######..     1%          2    None
j - Spectral Weapon       Hex/Chrm       ######..     2%          3    ##.....
k - Portal Projectile     Tloc           ######       1%          3    ##.....
m - Repel Missiles        Chrm/Air       #####.       12%         2    None


Dungeon Overview and Level Annotations

Branches:
Dungeon (15/15)            Temple (1/1) D:7            Lair (6/6) D:10
 Shoals (4/4) Lair:2       Spider (4/4) Lair:4        Slime (5/5) Lair:5
    Orc (2/2) D:10            Elf (3/3) Orc:2        Vaults (5/5) D:14
  Crypt (3/3) Vaults:3       Tomb (0/3) Crypt:3      Depths (5/5) D:15
    Zot (5/5) Depths:5

Altars:
Ashenzari
Cheibriados
Dithmenos
Elyvilon
Fedhas
Gozag
Hepliaklqana
Kikubaaqudgha
Makhleb
Nemelex Xobeh
Okawaru
Qazlal
Ru
Sif Muna
Trog
Uskayaw
Vehumet
Xom
Yredelemnul
Zin
The Shining One
Beogh
Jiyva

Shops:
D:13 *   Orc:2 ([*:   Elf:1 [   Shoals:1 ?**%=   Shoals:4 !   Vaults:4 =
Vaults:5 [(   Depths:1 *

Portals:
Hell: Depths:1 Depths:2 Depths:3 Depths:4 Depths:5
Abyss: Depths:4
Pandemonium: Depths:1 Depths:3 Depths:4 Depths:5
Ziggurat: Depths:5

Annotations:
D:4 Sigmund
D:5 exclusion: 2 downstairs, Prince Ribbit
D:8 exclusion: downstairs
D:9 exclusion: downstairs
D:10 exclusion: downstairs
Lair:4 exclusion: downstairs
Lair:5 Rupert!, Rupert
Shoals:2 exclusions: downstairs and 1 more exclusion
Shoals:3 exclusion: 3 downstairs
Shoals:4 Ilsuiw
Spider:1 exclusion: downstairs
Spider:3 exclusion: 3 downstairs
Spider:4 ghost moth!
Slime:1 exclusions: downstairs and 1 more exclusion
Slime:2 exclusion: upstairs
Elf:1 24 runed doors, exclusion: 36 doors
Elf:2 exclusion: 3 doors
Vaults:2 Mara, Mennas!, Mara; Mennas
Vaults:3 1 exclusion
Depths:1 exclusion: downstairs
Zot:1 2 exclusions
Zot:2 1 exclusion
Zot:3 2 exclusions
Zot:4 exclusions: downstairs and 1 more exclusion


Innate Abilities, Weirdness & Mutations

You are resistant to damage.
You can recharge devices by infusing magical energy.
You resist negative energy. (rN+)
You passively map a large area around you.
You do not regenerate.
You have very sharp teeth.
You have a pair of small horns on your head.
You have sharp toenails.
You are mostly covered in rugged brown scales. (AC +2, +5% HP)
You tend to lose your temper in combat.
Scrolls take you longer to read.
You are very clumsy. (Dex -4)
Your flesh is cold resistant. (rC+)
Your body sometimes deteriorates upon taking damage.
You are frail. (-10% HP)
You are resistant to hostile enchantments. (MR+)
You sometimes yell uncontrollably at your foes.
You are weak. (Str -2)
Your spells are a little harder to cast, but a little more powerful.


Message History

Unknown command.
(D) Dungeon (T) Temple (L) Lair (A) Shoals (N) Spider Nest (M) Slime Pits (O) Orcish Mines (E) Elven Halls (V) Vaults (C) Crypt (W) Tomb (U) Depths (H) Hell (Z) Zot
Where to? (Enter - D:1 @ (x,y), ? - help)
You see here a dagger.
There is a stone staircase leading up here.
You climb upwards.
There is a stone staircase leading down here.
There is a stone staircase leading up here.
You see here a leather armour.
You climb upwards.
There is a stone staircase leading down here.
There is a stone staircase leading up here.
You climb upwards.
There is a stone staircase leading down here.
There is a staircase leading out of the dungeon here.
You can't go down here!
You have escaped!

###...#######
####...#.##....########
##...###..#...(.......#
...###
##.......#####.### .###
##.....).....(..### ##
##...............# #
#########..##.#.# #####
######.>...#.#
#...#####..@.........#
#...+..#######.#######
# ##...##...#####.# #
#...............# #
#....########.#.#
#####..### #.#.#
.......# #...# ######.#
##### ..# #.#


There were no monsters in sight!

Vanquished Creatures
  the Royal Jelly (Slime:5)
  3 orbs of fire
  5 ancient liches
  3 Killer Klowns
  4 curse toes
  8 golden dragons
  Nikola (Spider:4)
  2 bone dragons (Abyss:3)
  the Enchantress (Depths:5)
  Arachne (Spider:4)
  3 electric golems (Zot:5)
  6 liches
  14 tentacled monstrosities
  12 Orb Guardians
  6 titans (Vaults:5)
  A moon troll (WizLab)
  3 quicksilver dragons
  Asterion (Vaults:3)
  2 deep elf blademasters (Elf:3)
  2 deep elf master archers (Elf:3)
  5 krakens
  19 acid blobs
  5 death cobs
  14 tentacled starspawn
  5 sphinxes
  7 tengu reavers
  15 storm dragons
  8 shadow dragons
  2 ancient champions
  16 azure jellies
  3 revenants
  7 draconian monks
  7 ghost moths
  6 draconian knights
  13 deep elf sorcerers
  8 vault wardens
  4 draconian zealots
  10 fire giants
  8 frost giants
  An orc warlord (Orc:2)
  2 curse skulls
  3 emperor scorpions
  5 draconian shifters
  2 cacodemons
  3 draconian scorchers
  An iron dragon (Depths:4)
  An angel (Abyss:3)
  5 draconian annihilators
  A juggernaut zombie (Depths:4)
  7 deep elf elementalists
  Louise (Shoals:2)
  8 ironheart preservers
  A caustic shrike zombie (D:15)
  A caustic shrike skeleton (Depths:2)
  3 spriggan defenders (Depths:5)
  7 entropy weavers
  8 ghouls
  22 very ugly things
  5 war gargoyles
  10 vampire knights
  2 ophanim (Abyss:3)
  24 stone giants
  6 draconian callers
  2 lorocyprocas
  6 deep elf demonologists
  11 green draconians
  10 black draconians
  13 red draconians
  14 spark wasps
  13 mottled draconians
  9 yellow draconians
  3 eidola
  6 purple draconians
  7 white draconians
  14 ettins
  7 deep elf annihilators
  4 quicksilver dragon zombies
  2 merfolk javelineers (Shoals:4)
  2 crystal guardians
  A blizzard demon (IceCv)
  12 deep elf death magi
  5 death oozes
  A green death (Abyss:3)
  A minotaur (Lab)
  Josephine (Lair:5)
  A merfolk impaler (Shoals:2)
  14 yaktaur captains
  20 jiangshi
  Harold (D:11)
  A hydra (shapeshifter) (Zot:4)
  4 rakshasas
  11 ogre magi
  9 fire dragons
  4 deep elf high priests
  18 great orbs of eyes
  A quicksilver dragon skeleton (Crypt:1)
  11 ice dragons
  27 vault guards
  8 hydras
  A monstrous demonspawn (D:8)
  7 spriggan air magi
  5 death knights
  4 merfolk aquamancers
  2 satyrs
  6 merfolk avatars
  9 centaur warriors
  3 tengu warriors
  16 dancing weapons
  6 death yaks
  17 deep troll earth magi
  11 vampire magi
  The ghost of EvilAshe the Thaumaturge, a journeyman DEWz of Hepliaklqana (D:12)
  A sun demon (Depths:2)
  11 hell knights
  11 deep troll shamans
  4 orc high priests (Orc:2)
  3 spriggan berserkers
  2 thrashing horrors (Abyss:3)
  18 deep elf knights
  A titan zombie (Depths:4)
  A soul eater (Depths:4)
  38 skeletal warriors
  3 shadow wraiths
  4 spatial maelstroms (Abyss:3)
  2 storm dragon zombies
  2 sixfirhies
  2 fire crabs (shapeshifter) (Depths:2)
  6 iron trolls
  17 flayed ghosts
  2 titan skeletons
  A golden dragon zombie (Depths:4)
  3 storm dragon skeletons
  5 wretched stars
  A sea snake (shapeshifter) (Depths:3)
  6 wizards
  5 unseen horrors
  13 sea snakes
  41 deep trolls
  An orange crystal statue (WizLab)
  20 deep elf archers
  An anaconda zombie (Crypt:1)
  The ghost of sreda the Cleaver, a novice HOFi (D:6)
  A cherub (Abyss:3)
  2 anaconda skeletons (Crypt:1)
  A glowing orange brain (shapeshifter) (Depths:5)
  A torturous demonspawn (Depths:3)
  12 glowing orange brains
  8 hill giants
  An infernal demonspawn (Depths:3)
  11 orc knights
  8 necromancers
  16 phantasmal warriors
  15 harpies
  5 lindwurms (Depths:3)
  59 deep elf magi
  4 golden dragon skeletons
  3 shining eyes
  11 ironbrand convokers
  A wolf spider zombie (Crypt:2)
  3 stone giant zombies
  A sphinx zombie (Depths:4)
  An iron dragon zombie (Crypt:1)
  A frost giant zombie (Depths:4)
  42 wolf spiders
  27 orb spiders
  A fire giant zombie (Depths:4)
  5 orc sorcerers
  2 orb spiders (shapeshifter)
  7 cyclopes
  2 tengu skeletons
  2 worldbinders (Abyss:3)
  A cyclops (shapeshifter) (Vaults:5)
  10 manticores
  6 fire giant skeletons
  11 fauns
  A shadow dragon skeleton (Depths:2)
  A sphinx skeleton (Depths:2)
  20 moths of wrath
  A salamander (shapeshifter) (Depths:2)
  A moth of wrath (shapeshifter) (Vaults:1)
  An oklob plant (Depths:3)
  32 ugly things
  3 elephants (Lair:5)
  6 stone giant skeletons
  A torpor snail (shapeshifter) (Depths:5)
  A guardian serpent (Abyss:3)
  A guardian serpent (shapeshifter) (Abyss:3)
  8 sirens
  A rust devil (Depths:4)
  A black mamba (Lair:1)
  A water nymph (Shoals:1)
  3 ice statues (IceCv)
  A manticore (shapeshifter) (Depths:1)
  3 torpor snails
  15 vault sentinels
  An eye of devastation (shapeshifter) (Vaults:5)
  A water nymph (shapeshifter) (Depths:1)
  A spiny frog (shapeshifter) (Vaults:4)
  A toenail golem (D:14)
  A yaktaur zombie (D:15)
  7 eyes of devastation
  6 smoke demons
  2 orange demons
  5 gargoyles
  4 frost giant skeletons
  3 kobold demonologists
  12 spiny frogs
  A dire elephant skeleton (Crypt:3)
  A red draconian zombie (Crypt:1)
  A rime drake (shapeshifter) (Depths:1)
  6 spriggan skeletons
  5 rime drakes
  10 freezing wraiths
  19 demonic crawlers
  A redback zombie (D:15)
  3 ancient zymes (Abyss:3)
  5 elf skeletons
  53 yaktaurs
  A green draconian skeleton (Crypt:2)
  A tormentor (Depths:3)
  5 komodo dragons
  2 anaconda simulacra (IceCv)
  A catoblepas skeleton (Crypt:3)
  2 hellwings
  A sea snake skeleton (Crypt:1)
  A merfolk (shapeshifter) (Vaults:5)
  7 red devils
  15 ice devils
  A queen bee (shapeshifter) (Vaults:4)
  2 hydra zombies
  A meliai (shapeshifter) (Depths:1)
  3 tengu conjurers
  A golden dragon simulacrum (IceCv)
  A troll (shapeshifter) (D:13)
  A death yak skeleton (Crypt:2)
  18 two-headed ogres
  4 meliai
  8 trolls
  9 large abominations
  12 polar bears
  21 merfolk
  2 hornets (shapeshifter)
  5 wind drakes
  18 jumping spiders
  16 hornets
  A two-headed ogre (shapeshifter) (Depths:1)
  A slime creature (shapeshifter) (Vaults:5)
  2 fire dragon zombies
  11 raiju
  A dream sheep (shapeshifter) (Vaults:1)
  A frost giant simulacrum (Vaults:3)
  7 snapping turtles
  123 slime creatures
  A dream sheep (Lair:5)
  23 blink frogs
  An alligator zombie (Crypt:1)
  2 ettin zombies
  3 bog bodies (Crypt:2)
  15 hippogriffs
  14 air elementals
  A blink frog (shapeshifter) (Vaults:1)
  2 tarantellas (shapeshifter)
  19 flying skulls
  69 yaks
  5 shadows
  16 starcursed masses
  8 ynoxinuls
  76 redbacks
  A spriggan (shapeshifter) (Vaults:3)
  31 tarantellas
  13 wraiths
  An ice dragon skeleton (Depths:1)
  5 spriggans (Depths:5)
  6 water elementals
  2 hogs (shapeshifter)
  2 wyverns
  2 ettin skeletons (Depths:2)
  4 vampires (Crypt:3)
  4 fire elementals
  3 hungry ghosts (Crypt:3)
  4 basilisks
  14 golden eyes
  A steam dragon (Lair:6)
  A black mamba skeleton (Crypt:3)
  3 chaos spawn
  2 yaktaur simulacra (Vaults:1)
  7 vampire mosquitoes
  3 neqoxecs
  3 iron troll simulacra (IceCv)
  A human simulacrum (Vaults:1)
  12 wargs
  2 harpy simulacra (IceCv)
  3 spatial vortices (Abyss:3)
  11 water moccasins
  4 mottled dragons
  A soldier ant (D:14)
  2 hydra simulacra (IceCv)
  3 porcupines
  7 hell hounds
  5 ice beasts
  2 swamp drakes (Lair:6)
  2 floating eyes
  A human skeleton (Depths:2)
  3 sky beasts
  Duvessa (D:6)
  17 black bears
  A faun skeleton (Crypt:2)
  3 necrophages
  31 orc warriors
  19 wolves
  An ice dragon simulacrum (Abyss:3)
  7 eyes of draining
  42 ogres
  A tengu (shapeshifter) (Vaults:4)
  2 phantoms
  The ghost of EvilAshe the Poker, an amateur MfSk (D:4)
  A wolf (shapeshifter) (Vaults:4)
  2 boggarts (Elf:1)
  A snapping turtle skeleton (Crypt:1)
  18 centaurs
  19 crocodiles
  10 bullfrogs
  5 big kobolds
  3 earth elementals
  A draconian skeleton (Crypt:1)
  A hippogriff skeleton (Crypt:1)
  A wyvern zombie (D:9)
  A scorpion (shapeshifter) (Vaults:5)
  A hornet simulacrum (D:9)
  8 scorpions
  2 wyvern skeletons
  Dowan (D:6)
  12 small abominations (Abyss:3)
  A snapping turtle simulacrum (Crypt:1)
  5 killer bees (D:8)
  8 howler monkeys
  13 wights
  2 electric eels (D:9)
  10 crimson imps
  3 bullfrog zombies
  3 quasits
  2 bullfrog skeletons
  6 centaur zombies
  24 hounds
  A human zombie (Crypt:3)
  A gnoll shaman (D:5)
  11 orc priests
  5 centaur skeletons
  An iron imp (Depths:4)
  3 jellies
  Ijyb (D:2)
  23 orc wizards
  Natasha (thrice) (D:4)
  8 iguanas
  11 worker ants
  A bullfrog simulacrum (D:9)
  A naga skeleton (Crypt:2)
  4 hound skeletons
  A killer bee simulacrum (D:9)
  A worker ant zombie (D:5)
  14 adders
  13 gnolls
  An ogre simulacrum (Crypt:1)
  6 shadow imps
  9 white imps
  5 ufetubi
  4 oozes
  A halfling zombie (Crypt:2)
  4 adder skeletons
  2 adder zombies
  3 worms
  2 dart slugs
  8 leopard geckos
  79 orcs
  An orc (shapeshifter) (Vaults:5)
  15 bats
  10 giant cockroaches
  6 goblins
  8 hobgoblins
  6 jackals
  10 quokkas
  3 ball pythons
  4 frilled lizards
  A jackal skeleton (D:4)
  18 kobolds
  A leopard gecko simulacrum (D:9)
  5 leopard gecko skeletons
  A leopard gecko zombie (Crypt:1)
  11 rats
  7 fungi
  16 plants
  14 starspawn tentacles
  15 tentacles
  A withered plant (Crypt:3)
2892 creatures vanquished.

Vanquished Creatures (collateral kills)
  Margery (Vaults:2)
  A Killer Klown (Zot:5)
  A bone dragon (Zot:4)
  2 tentacled monstrosities
  4 Orb Guardians (Zot:5)
  A lich (Zot:4)
  A titan (Zot:4)
  A quicksilver dragon (Zot:2)
  2 death cobs
  3 acid blobs
  A tentacled starspawn (WizLab)
  3 storm dragons
  4 shadow dragons
  An azure jelly (Slime:5)
  A fire giant (Zot:4)
  A deep elf sorcerer (Elf:3)
  A draconian scorcher (Depths:3)
  An iron dragon (Depths:5)
  2 ghost moths (Spider:4)
  2 very ugly things (WizLab)
  A draconian shifter (Zot:3)
  3 stone giants
  A vampire knight (Depths:3)
  A white draconian (Zot:2)
  2 deep elf annihilators (Elf:3)
  2 spark wasps
  A red draconian (Depths:5)
  A yellow draconian (Zot:2)
  A deep elf death mage (Elf:3)
  2 merfolk javelineers
  A blizzard demon (IceCv)
  2 great orbs of eyes (WizLab)
  2 merfolk impalers (Shoals:4)
  2 fire dragons
  4 jiangshi
  An ogre mage (Vaults:3)
  A yaktaur captain (Vaults:3)
  4 vault guards
  Erolcha (D:9)
  An ice dragon (Depths:3)
  A hydra (Lair:6)
  An alligator snapping turtle (Shoals:2)
  3 merfolk aquamancers (Shoals:4)
  3 merfolk avatars (Shoals:4)
  4 death yaks
  A centaur warrior (Depths:2)
  A deep troll shaman (Depths:2)
  A deep troll earth mage (Depths:2)
  A deep elf knight (Vaults:3)
  2 hell knights (Vaults:2)
  An iron troll (Depths:3)
  A skeletal warrior (Depths:2)
  2 fire crabs (Shoals:3)
  6 deep trolls
  A wizard (Vaults:2)
  A glowing orange brain (Depths:4)
  A torturous demonspawn (Depths:1)
  6 sea snakes
  2 hill giants
  A shadow dragon zombie (Depths:4)
  A wolf spider zombie (D:12)
  2 harpies
  A sphinx skeleton (Depths:2)
  An orc knight (Vaults:1)
  A deep elf mage (Elf:3)
  A tengu skeleton (Depths:2)
  6 fauns
  6 ugly things
  A shining eye (Slime:3)
  A moth of wrath (Zot:2)
  A siren (Shoals:1)
  A cyclops (Vaults:1)
  3 manticores
  A water nymph (Shoals:4)
  4 spiny frogs
  A centaur skeleton (D:15)
  An elf zombie (Depths:4)
  3 yaktaurs
  A tormentor (Depths:1)
  3 komodo dragons
  A red devil (Depths:3)
  9 merfolk
  2 wind drakes
  A jumping spider (Spider:4)
  A hornet (D:14)
  3 trolls
  A polar bear (Lair:6)
  2 two-headed ogres
  4 blink frogs
  5 slime creatures
  4 snapping turtles
  4 hippogriffs
  3 flying skulls
  4 redbacks
  An air elemental (Depths:3)
  A spriggan skeleton (Depths:2)
  A fire bat (Shoals:3)
  4 yaks
  3 golden eyes
  3 water elementals
  A basilisk (Lair:1)
  A warg (Lair:6)
  A steam dragon (Lair:6)
  A human zombie (Depths:4)
  A water moccasin (Lair:3)
  A porcupine (Lair:1)
  2 hell hounds (Lair:6)
  A swamp drake (Depths:3)
  A black bear (shapeshifter) (Vaults:3)
  An orc warrior (Orc:1)
  5 ogres
  A phantom (D:12)
  An eye of draining (shapeshifter) (Vaults:2)
  A centaur (D:12)
  2 crocodiles
  A big kobold (D:10)
  3 bullfrogs
  A vampire bat (Lair:1)
  A hound (Lair:6)
  An orc wizard (D:11)
  2 iguanas (Lair:6)
  A worker ant (D:11)
  A shadow imp (Depths:3)
  3 orcs
  4 bats (Lair:1)
  4 plants
  A starspawn tentacle (WizLab)
  A tentacle (Shoals:3)
250 creatures vanquished.

Vanquished Creatures (others)
  A tentacled monstrosity (Zot:2)
  A ghost moth (Zot:1)
  A merfolk impaler (Shoals:4)
  An ice dragon (Zot:4)
  A centaur warrior (Vaults:1)
  A deep elf knight (Elf:2)
  A necromancer (Vaults:2)
  A deep elf mage (Elf:2)
  A wolf spider (Spider:4)
  4 moths of wrath
  A two-headed ogre (Vaults:4)
  A flying skull (Depths:2)
  2 redbacks
  A basilisk (Lair:6)
  2 swamp drakes
  An ogre (Vaults:4)
  An orc (Vaults:5)
  8 demonic plants (WizLab)
  9 fungi
  70 plants
  57 starspawn tentacles
  47 tentacles
  18 withered plants
231 creatures vanquished.

Grand Total: 3373 creatures vanquished

Notes
Turn   | Place    | Note
-------+----------+-------------------------------------------
     0 | D:1      | 4Hooves2Appendages the Deep Dwarf Transmuter began the quest for the Orb.
     0 | D:1      | Reached XP level 1. HP: 16/16 MP: 3/3
    71 | D:1      | Reached skill level 1 in Fighting
   190 | D:1      | Reached XP level 2. HP: 19/25 MP: 2/4
   373 | D:1      | Learned a level 2 spell: Sticks to Snakes
   872 | D:1      | Reached XP level 3. HP: 12/31 MP: 5/5
   915 | D:1      | Reached skill level 1 in Maces & Flails
  1055 | D:2      | Noticed Ijyb
  1088 | D:2      | Killed Ijyb
  1129 | D:2      | Reached XP level 4. HP: 38/38 MP: 6/6
  2349 | D:2      | Found a faded altar of an unknown god.
  2593 | D:3      | Reached XP level 5. HP: 40/44 MP: 7/7
  3442 | D:3      | Reached skill level 1 in Armour
  3970 | D:4      | Reached skill level 2 in Armour
  3970 | D:4      | Reached XP level 6. HP: 30/52 MP: 8/8
  4216 | D:4      | Noticed Natasha
  4245 | D:4      | Killed Natasha
  4254 | D:4      | Noticed Natasha
  4262 | D:4      | Noticed EvilAshe's ghost (amateur MfSk)
  4266 | D:4      | Killed Natasha
  4500 | D:4      | Noticed Natasha
  4524 | D:4      | Killed Natasha
  4524 | D:4      | Reached skill level 5 in Maces & Flails
  4891 | D:4      | Noticed Sigmund
  5191 | D:5      | Entered Level 5 of the Dungeon
  5340 | D:5      | Reached XP level 7. HP: 44/60 MP: 9/9
  5895 | D:5      | Noticed Prince Ribbit
  6578 | D:5      | Reached skill level 1 in Short Blades
  7134 | D:6      | Noticed a hill giant
  7204 | D:6      | Noticed sreda's ghost (novice HOFi)
  7318 | D:6      | Reached XP level 8. HP: 46/69 MP: 9/9
  7325 | D:6      | Noticed Duvessa
  7326 | D:6      | Noticed Dowan
  7634 | D:6      | Reached skill level 3 in Armour
  7656 | D:6      | Reached skill level 4 in Armour
  7804 | D:6      | Reached skill level 5 in Armour
  8702 | D:6      | Killed Dowan
  8831 | D:6      | Killed Duvessa
  8831 | D:6      | Reached skill level 1 in Axes
  8831 | D:6      | Gained mutation: You passively map the area around you. [Deep Dwarf growth]
  8831 | D:6      | Reached XP level 9. HP: 44/79 MP: 10/10
  9107 | D:7      | Found a staircase to the Ecumenical Temple.
  9175 | Temple   | Entered the Ecumenical Temple
  9209 | Temple   | Became a worshipper of Makhleb the Destroyer
  9300 | D:7      | Reached skill level 5 in Fighting
 10041 | D:7      | Reached skill level 5 in Axes
 10780 | D:8      | Reached * piety under Makhleb
 11332 | D:8      | Reached XP level 10. HP: 55/88 MP: 9/9
 11409 | D:8      | Reached ** piety under Makhleb
 11457 | D:8      | Reached skill level 6 in Armour
 11501 | D:8      | Reached skill level 1 in Invocations
 12124 | D:9      | Learned a level 1 spell: Animate Skeleton
 12203 | D:9      | Found a basalt altar of Yredelemnul.
 12366 | D:9      | Reached skill level 1 in Necromancy
 12467 | D:9      | Noticed Erolcha
 12652 | D:9      | Reached *** piety under Makhleb
 12841 | D:10     | Entered Level 10 of the Dungeon
 12841 | D:10     | Found a staircase to the Lair.
 12841 | D:10     | Noticed a hill giant
 12933 | D:9      | Reached skill level 5 in Necromancy
 13073 | D:8      | Reached skill level 1 in Evocations
 13620 | D:9      | Reached skill level 5 in Evocations
 13754 | D:9      | Reached XP level 11. HP: 35/97 MP: 11/11
 13943 | D:10     | Reached skill level 5 in Invocations
 13953 | D:10     | Killed a hill giant
 14417 | D:10     | Found a staircase to the Orcish Mines.
 14494 | Lair:1   | Entered Level 1 of the Lair of Beasts
 14506 | Lair:1   | Reached skill level 7 in Armour
 14756 | Lair:1   | Found a labyrinth entrance.
 14773 | Lab      | Entered a labyrinth
 15085 | Lab      | Noticed a minotaur
 15092 | Lab      | HP: 3/97 [minotaur/stone (23)]
 15145 | Lab      | Killed a minotaur
 15145 | Lab      | Reached skill level 8 in Armour
 15335 | Lair:1   | Learned a level 1 spell: Apportation
 15474 | Lair:1   | Reached skill level 9 in Armour
 15537 | Lair:1   | Reached skill level 5 in Dodging
 16866 | Lair:2   | Reached skill level 10 in Axes
 17021 | Lair:2   | Found a sparkling altar of Nemelex Xobeh.
 17159 | Lair:2   | You fall through a shaft!
 17201 | Lair:3   | Reached **** piety under Makhleb
 17349 | Lair:3   | Reached XP level 12. HP: 44/105 MP: 8/8
 17768 | Lair:2   | Found a staircase to the Shoals.
 18144 | Lair:3   | Reached skill level 1 in Throwing
 18249 | Lair:3   | Noticed a seven-headed hydra
 18264 | Lair:3   | Killed a four-headed hydra
 18627 | Lair:3   | Noticed a six-headed hydra
 18642 | Lair:3   | Killed a two-headed hydra
 18642 | Lair:3   | Reached skill level 5 in Throwing
 18656 | Lair:3   | Noticed a six-headed hydra
 18665 | Lair:3   | Killed a two-headed hydra
 18952 | Lair:4   | Found a hole to the Spider Nest.
 18980 | Lair:4   | Got an ichor-stained bardiche
 19886 | Lair:5   | Noticed a death yak
 19998 | Lair:5   | Noticed a death yak
 20108 | Lair:5   | Reached XP level 13. HP: 115/115 MP: 8/10
 20383 | Lair:5   | Noticed Rupert
 20417 | Lair:5   | Noticed Nessos
 20445 | Lair:5   | Noticed Nessos
 20445 | Lair:5   | Nessos changed into Nessos the dream sheep
 20459 | Lair:5   | Killed Nessos the dream sheep
 20915 | D:11     | Reached ***** piety under Makhleb
 21361 | D:11     | Noticed Harold
 21380 | D:11     | Killed Harold
 21495 | D:11     | Found a shattered altar of Ashenzari.
 21679 | D:12     | Noticed EvilAshe's ghost (journeyman DEWz)
 21730 | D:12     | Killed EvilAshe's ghost
 22581 | Orc:1    | Entered Level 1 of the Orcish Mines
 22686 | Orc:2    | Entered Level 2 of the Orcish Mines
 22804 | Orc:2    | Found Axoqase's General Store.
 22860 | Orc:2    | Noticed an orc warlord
 23242 | Orc:1    | Found a roughly hewn altar of Beogh.
 23586 | Orc:2    | Reached skill level 10 in Fighting
 23644 | Orc:2    | Killed an orc warlord
 23695 | Orc:2    | Found Ciugeil's Antique Armour Shoppe.
 23715 | Orc:2    | Reached ****** piety under Makhleb
 23785 | Orc:2    | Found Xaonkaol's Book Boutique.
 23837 | Orc:2    | Gained mutation: You resist negative energy. (rN+) [Deep Dwarf growth]
 23837 | Orc:2    | Reached XP level 14. HP: 132/132 MP: 12/12
 24101 | Orc:2    | Found Xuwkaufa's Antique Weapon Emporium.
 24450 | Orc:2    | Found a staircase to the Elven Halls.
 24517 | Orc:2    | Bought a potion of curing for 30 gold pieces
 24517 | Orc:2    | Bought a scroll of fear for 35 gold pieces
 24517 | Orc:2    | Bought a scroll of teleportation for 30 gold pieces
 24517 | Orc:2    | Bought a scroll of identify for 20 gold pieces
 24517 | Orc:2    | Bought 4 curare-tipped needles for 24 gold pieces
 24518 | Orc:2    | Gained mutation: You have sharp fingernails. [potion of beneficial mutation]
 24519 | Orc:2    | Gained mutation: Your spells are a little harder to cast, but a little more powerful. [potion of beneficial mutation]
 24538 | Orc:2    | Bought a pair of embroidered boots for 294 gold pieces
 24578 | Orc:2    | Bought 7 javelins of penetration for 168 gold pieces
 24578 | Orc:2    | Bought 6 needles of confusion for 30 gold pieces
 24657 | D:10     | Reached skill level 10 in Armour
 25423 | D:13     | Found Innumnez's General Store.
 25446 | D:13     | Bought a scroll of teleportation for 30 gold pieces
 25446 | D:13     | Bought a potion of mutation for 25 gold pieces
 25446 | D:13     | Bought an uncursed ring of resist corrosion for 200 gold pieces
 25801 | D:14     | Got a flickering lead ring
 25953 | D:13     | Reached skill level 11 in Armour
 26439 | D:14     | Found a gate to the Vaults.
 26605 | D:14     | Found a white marble altar of Elyvilon.
 26752 | D:14     | Reached skill level 10 in Dodging
 27284 | D:14     | Identified the ring of Abstinence {rCorr Int+2 Dex+4 Stlth-} (You took it off a centaur on level 14 of the Dungeon)
 27543 | D:15     | Entered Level 15 of the Dungeon
 28122 | D:15     | Found a staircase to the Depths.
 28214 | D:15     | Reached XP level 15. HP: 135/138 MP: 13/13
 28951 | Lair:5   | Noticed Josephine
 29007 | Lair:5   | Killed Josephine
 29396 | Lair:6   | Entered Level 6 of the Lair of Beasts
 29669 | Lair:6   | Reached skill level 10 in Invocations
 29831 | Lair:6   | Reached skill level 15 in Axes
 30432 | Lair:6   | Reached skill level 1 in Translocations
 31101 | Lair:5   | Found a viscous altar of Jiyva.
 31102 | Lair:5   | Found a staircase to the Slime Pits.
 31109 | Slime:1  | Entered Level 1 of the Pits of Slime
 31341 | Slime:2  | Noticed an acid blob
 31350 | Slime:2  | Noticed an acid blob
 31488 | Spider:1 | Entered Level 1 of the Spider Nest
 31496 | Lair:4   | Reached skill level 5 in Translocations
 32970 | Spider:2 | Reached XP level 16. HP: 114/146 MP: 16/16
 33936 | Spider:3 | Found a frozen archway.
 33975 | IceCv    | Entered an ice cave
 34844 | Spider:3 | Reached skill level 12 in Armour
 36661 | Spider:4 | Entered Level 4 of the Spider Nest
 36762 | Spider:4 | Noticed Nikola
 37572 | Shoals:1 | Entered Level 1 of the Shoals
 37620 | Shoals:1 | Found Toaryif's Jewellery Emporium.
 37691 | Shoals:1 | Bought an uncursed ring of flight for 262 gold pieces
 37701 | Shoals:1 | Found Lotimes's Food Shoppe.
 37729 | Shoals:1 | Found Nauguvex's Assorted Antiques.
 37766 | Shoals:1 | Found Juollevu's Assorted Antiques.
 37805 | Shoals:1 | Bought a scroll labeled DUXUED ENAAN for 28 gold pieces
 37805 | Shoals:1 | Bought a scroll of fear for 98 gold pieces
 37805 | Shoals:1 | Bought a scroll of blinking for 210 gold pieces
 37805 | Shoals:1 | Bought a scroll of fear for 98 gold pieces
 37805 | Shoals:1 | Bought a scroll of enchant armour for 210 gold pieces
 37816 | Shoals:1 | Bought a scroll of identify for 90 gold pieces
 37817 | Shoals:1 | Bought a scroll of enchant armour for 337 gold pieces
 37817 | Shoals:1 | Bought a scroll of fear for 157 gold pieces
 37826 | Shoals:1 | Found Ysae's Magic Scroll Shoppe.
 37865 | Shoals:1 | Bought a scroll of identify for 20 gold pieces
 37865 | Shoals:1 | Bought a scroll of identify for 20 gold pieces
 37865 | Shoals:1 | Bought 3 scrolls of identify for 60 gold pieces
 38087 | Shoals:1 | Identified a scroll of acquirement
 38521 | Shoals:2 | Reached skill level 13 in Armour
 38521 | Shoals:2 | Reached XP level 17. HP: 157/157 MP: 18/18
 38533 | Shoals:2 | Noticed a kraken
 38545 | Shoals:2 | Killed a kraken
 38561 | Shoals:2 | Noticed a kraken
 38573 | Shoals:2 | Killed a kraken
 38585 | Shoals:2 | Noticed a kraken
 38585 | Shoals:2 | Noticed a kraken
 38608 | Shoals:2 | Killed a kraken
 38648 | Shoals:2 | Killed a kraken
 38930 | Shoals:2 | Reached skill level 14 in Armour
 39111 | Shoals:3 | Noticed a kraken
 39159 | Shoals:3 | Killed a kraken
 39287 | Shoals:2 | Noticed Louise
 39306 | Shoals:2 | Killed Louise
 39818 | Shoals:3 | Learned a level 1 spell: Summon Butterflies
 39863 | Shoals:3 | Learned a level 3 spell: Lesser Beckoning
 40387 | Shoals:4 | Entered Level 4 of the Shoals
 40723 | Lair:1   | Lost mutation: Your spells are a little harder to cast, but a little more powerful. [potion of cure mutation]
 40723 | Lair:1   | Lost mutation: You have sharp fingernails. [potion of cure mutation]
 40943 | Spider:4 | Killed Nikola
 41675 | Spider:4 | Noticed Arachne
 42078 | Spider:4 | Killed Arachne
 42613 | Spider:4 | Gained mutation: You passively map a large area around you. [Deep Dwarf growth]
 42613 | Spider:4 | Reached XP level 18. HP: 155/168 MP: 18/18
 42942 | Spider:4 | Gained mutation: You are robust. (+10% HP) [potion of beneficial mutation]
 44290 | Spider:4 | Reached skill level 10 in Evocations
 44380 | Spider:4 | Got a gossamer rune of Zot
 45955 | Shoals:4 | Learned a level 2 spell: Blink
 46042 | Shoals:4 | Noticed Ilsuiw
 46320 | Vaults:1 | Entered Level 1 of the Vaults
 46375 | Vaults:1 | Reached skill level 10 in Throwing
 47558 | Vaults:1 | Reached skill level 10 in Translocations
 48012 | Vaults:1 | Reached XP level 19. HP: 192/192 MP: 19/19
 48778 | Vaults:2 | Noticed Mara
 48881 | Vaults:2 | Noticed Mennas
 49198 | D:9      | Killed Erolcha
 49457 | D:6      | Killed sreda's ghost
 49976 | Shoals:4 | Got a barnacled rune of Zot
 50207 | Shoals:4 | Found Raer's Distillery.
 50217 | Shoals:4 | Bought a potion of curing for 60 gold pieces
 50217 | Shoals:4 | Bought a potion of heal wounds for 100 gold pieces
 50217 | Shoals:4 | Bought a potion of agility for 80 gold pieces
 50217 | Shoals:4 | Bought a potion of might for 80 gold pieces
 50217 | Shoals:4 | Bought a potion of heal wounds for 100 gold pieces
 50217 | Shoals:4 | Bought a potion of heal wounds for 100 gold pieces
 50217 | Shoals:4 | Bought a potion of heal wounds for 100 gold pieces
 50703 | Slime:2  | Reached skill level 15 in Armour
 51007 | Slime:2  | Reached skill level 1 in Summonings
 51298 | Slime:3  | Lost mutation: You are robust. (+10% HP) [a shining eye]
 51876 | Slime:1  | Gained mutation: You are clumsy. (Dex -2) [a shining eye]
 51879 | Slime:1  | Gained mutation: Armour fits poorly on your strangely shaped body. [a shining eye]
 52040 | Slime:1  | Reached skill level 16 in Armour
 52739 | Slime:5  | Entered Level 5 of the Pits of Slime
 53461 | Slime:5  | Paralysed by a floating eye for 4 turns
 53519 | Slime:5  | Reached skill level 17 in Armour
 53519 | Slime:5  | Reached skill level 5 in Summonings
 53608 | Slime:5  | Reached XP level 20. HP: 183/183 MP: 20/20
 53656 | Slime:4  | Gained mutation: You are very clumsy. (Dex -4) [a shining eye]
 53657 | Slime:4  | Gained mutation: You tend to lose your temper in combat. [a shining eye]
 54123 | D:13     | Gained mutation: You have sharp toenails. [potion of mutation]
 54123 | D:13     | Lost mutation: You tend to lose your temper in combat. [potion of mutation]
 54123 | D:13     | Gained mutation: You occasionally shout uncontrollably at your foes. [potion of mutation]
 54278 | Elf:1    | Entered Level 1 of the Elven Halls
 54335 | Elf:1    | Found Soes's Antique Armour Emporium.
 54438 | Elf:1    | Found a magical portal.
 54453 | WizLab   | Entered Lehudib's Moon Base
 54898 | WizLab   | Got an ancient crystal amulet
 54899 | WizLab   | Identified the amulet "Duit" {Reflect +Fly rC+ MR+ Int+3 SH+2} (You found it in a wizard's laboratory)
 56458 | WizLab   | Identified Lehudib's Catalogue of the Manifold Demons
 56747 | Elf:1    | Reached skill level 5 in Spellcasting
 57030 | Elf:1    | Found a huge runed gate.
 57031 | Elf:1    | Found a huge runed gate.
 57138 | Elf:1    | Found a huge runed gate.
 57138 | Elf:1    | Found a huge runed gate.
 57139 | Elf:1    | Found a huge runed gate.
 57151 | Elf:1    | Found a huge runed gate.
 57152 | Elf:1    | Found a huge runed gate.
 57152 | Elf:1    | Found a huge runed gate.
 57153 | Elf:1    | Found a huge runed gate.
 57153 | Elf:1    | Found a huge runed gate.
 57154 | Elf:1    | Found a huge runed gate.
 57154 | Elf:1    | Found a huge runed gate.
 57155 | Elf:1    | Found a huge runed gate.
 57163 | Elf:1    | Found a huge runed gate.
 57163 | Elf:1    | Found a huge runed gate.
 57163 | Elf:1    | Found a huge runed gate.
 57163 | Elf:1    | Found a huge runed gate.
 57163 | Elf:1    | Found a huge runed gate.
 57163 | Elf:1    | Found a huge runed gate.
 57164 | Elf:1    | Found a huge runed gate.
 57165 | Elf:1    | Found a huge runed gate.
 57166 | Elf:1    | Found a huge runed gate.
 57174 | Elf:1    | Found a huge runed gate.
 57174 | Elf:1    | Found a huge runed gate.
 57629 | Elf:2    | Reached XP level 21. HP: 190/190 MP: 21/21
 57858 | Elf:2    | Found a runed gate.
 57858 | Elf:2    | Found a runed gate.
 57858 | Elf:2    | Found a runed gate.
 58328 | Elf:3    | Entered Level 3 of the Elven Halls
 59615 | Elf:3    | Identified a +2 rod of ignition (9/9) (You took it off a deep elf annihilator on level 3 of the Elven Halls)
 59991 | Shoals:1 | Bought a pair of runed gloves for 294 gold pieces
 60578 | Elf:3    | Got a transparent battleaxe {elec}
 60579 | Elf:3    | Identified the +10 battleaxe of Pestilence {elec, rElec rC+} (You took it off a deep elf annihilator on level 3 of the Elven Halls)
 60581 | Elf:3    | Got a transparent jade ring
 60583 | Elf:3    | Identified the ring of Beil {Wiz rPois Str+3 Stlth+} (You took it off a deep elf annihilator on level 3 of the Elven Halls)
 60777 | Elf:3    | Identified the Guide on the Ashen Escort
 61046 | Elf:3    | Got a coiled bone ring
 61048 | Elf:3    | Identified the ring "Fiedaes" {+Blink EV+3 Int+7} (You took it off a deep elf sorcerer on level 3 of the Elven Halls)
 61275 | Elf:3    | Learned a level 2 spell: Passwall
 61747 | Vaults:2 | Reached skill level 1 in Earth Magic
 61896 | Vaults:2 | Noticed Margery
 61911 | Vaults:2 | Killed Margery
 61933 | Vaults:2 | Cast into level 2 of the Abyss (hell knight)
 62002 | Abyss:2  | Found a corrupted altar of Lugonu.
 62178 | Abyss:3  | Found a corrupted altar of Lugonu.
 62234 | Abyss:3  | Found a corrupted altar of Lugonu.
 62383 | Abyss:3  | Reached skill level 5 in Earth Magic
 62567 | Abyss:3  | Found a glowing golden altar of the Shining One.
 62667 | Abyss:3  | Got an abyssal rune of Zot
 62680 | Abyss:3  | Reached skill level 5 in Transmutations
 62792 | Abyss:3  | Reached XP level 22. HP: 198/198 MP: 21/21
 63153 | Abyss:3  | Gained mutation: Scrolls take you much longer to read. [a neqoxec]
 63185 | Abyss:3  | Found a corrupted altar of Lugonu.
 63645 | Vaults:2 | Escaped the Abyss
 64339 | Vaults:3 | Noticed Asterion
 64370 | Vaults:3 | Killed Asterion
 64948 | Vaults:3 | Got a polished cloak
 64959 | Vaults:3 | Identified the -2 cloak of Complete Protection {rF+ Dex+4} (You found it on level 3 of the Vaults)
 65018 | Vaults:3 | Found a staircase to the Crypt.
 65677 | Vaults:4 | Found Afulatea's Jewellery Boutique.
 65843 | Vaults:4 | Gained mutation: You are partially covered in rugged brown scales. (AC +1, +3% HP) [mutagenic meat]
 65844 | Vaults:4 | Gained mutation: You are frail. (-10% HP) [mutagenic meat]
 65845 | Vaults:4 | Gained mutation: Your mind is acute. (Int +2) [mutagenic meat]
 65846 | Vaults:4 | Gained mutation: You can translocate small distances at will. [mutagenic meat]
 65849 | Vaults:4 | Gained mutation: Your spells are a little harder to cast, but a little more powerful. [mutagenic meat]
 65852 | Vaults:4 | Lost mutation: Your mind is acute. (Int +2) [mutagenic meat]
 65923 | Vaults:4 | Reached skill level 15 in Dodging
 65980 | Vaults:4 | Gained mutation: You are mostly covered in rugged brown scales. (AC +2, +5% HP) [mutagenic meat]
 65981 | Vaults:4 | Gained mutation: You are dopey. (Int -2) [mutagenic meat]
 66358 | Vaults:4 | Reached skill level 18 in Armour
 66363 | Vaults:4 | Lost mutation: You can translocate small distances at will. [mutagenic meat]
 66365 | Vaults:4 | Lost mutation: You are dopey. (Int -2) [mutagenic meat]
 66605 | Vaults:4 | Lost mutation: Armour fits poorly on your strangely shaped body. [mutagenic meat]
 66607 | Vaults:4 | Gained mutation: You have very sharp teeth. [mutagenic meat]
 67052 | Vaults:4 | Got a pitted bronze ring
 67054 | Vaults:4 | Identified the ring of Adituiq {+Blink rC++ Str-3 Dex+4 SInv} (You found it on level 4 of the Vaults)
 67673 | Depths:1 | Entered Level 1 of the Depths
 67673 | Depths:1 | Found Afyl's Alliterative Accessories.
 67707 | Depths:1 | Bought a scroll of acquirement for 1248 gold pieces
 67724 | Depths:1 | Found a gateway to Hell.
 67747 | Depths:1 | Reached skill level 19 in Armour
 67780 | Depths:1 | Reached XP level 23. HP: 177/198 MP: 22/22
 67836 | Depths:1 | Gained mutation: You are resistant to hostile enchantments. (MR+) [mutagenic meat]
 68197 | Depths:1 | Got an ichor-stained battleaxe
 68198 | Depths:1 | Identified the +7 battleaxe of Muompit {venom, rF- rC+ MP+9 Int+8} (You found it on level 1 of the Depths)
 68367 | Depths:1 | Found a one-way gate leading to the halls of Pandemonium.
 68471 | Depths:1 | Gained mutation: You evolve. [mutagenic meat]
 68863 | Depths:2 | Lost mutation: You are frail. (-10% HP) [potion of beneficial mutation]
 69343 | Depths:2 | Gained mutation: You have a pair of small horns on your head. [evolution]
 69360 | Depths:2 | Found a shattered altar of Ashenzari.
 69624 | Depths:2 | Reached skill level 15 in Evocations
 70900 | Depths:3 | Reached XP level 24. HP: 232/232 MP: 24/24
 71090 | Depths:3 | Reached skill level 15 in Invocations
 71335 | Depths:3 | Got a pair of twisted gloves
 71346 | Depths:3 | Identified the +2 pair of gloves of Biom {*Drain MR+ Int+3} (You found it on level 3 of the Depths)
 72298 | Depths:3 | Got a translucent bone ring
 72300 | Depths:3 | Identified the ring "Ydwa Ginau" {rCorr rElec rN+ Stlth+} (You took it off a tengu reaver on level 3 of the Depths)
 72364 | Depths:3 | Got a scorched wooden ring
 72366 | Depths:3 | Identified the ring "Bonip" {rN+ Dex+3} (You found it on level 3 of the Depths)
 72693 | Depths:4 | Found a one-way gate to the infinite horrors of the Abyss.
 73864 | Depths:5 | Entered Level 5 of the Depths
 73873 | Depths:5 | Found a gateway to a ziggurat.
 74164 | Depths:5 | Found a gate to the Realm of Zot.
 74370 | Depths:5 | Found a glowing golden altar of the Shining One.
 74470 | Depths:5 | Reached skill level 15 in Throwing
 74574 | Depths:5 | Reached XP level 25. HP: 239/239 MP: 25/25
 74701 | Depths:5 | Noticed the Enchantress
 74732 | Depths:5 | Killed the Enchantress
 74848 | Depths:5 | Got faerie dragon scales
 74859 | Depths:5 | Identified the +4 faerie dragon scales {Regen+} (You took it off the Enchantress on level 5 of the Depths)
 75127 | Zot:1    | Entered Level 1 of the Realm of Zot
 75639 | Zot:1    | You fall through a shaft!
 75767 | Zot:2    | Reached skill level 15 in Fighting
 75874 | Zot:2    | Noticed an orb of fire
 75888 | Zot:2    | Gained mutation: You are weak. (Str -2) [an orb of fire]
 75894 | Zot:2    | Killed an orb of fire
 76066 | Zot:2    | Reached skill level 20 in Armour
 77442 | Depths:2 | Reached skill level 1 in Shields
 77784 | Shoals:1 | Bought a scroll of teleportation for 30 gold pieces
 77784 | Shoals:1 | Bought a scroll of teleportation for 30 gold pieces
 77784 | Shoals:1 | Bought a scroll of holy word for 75 gold pieces
 77799 | Shoals:1 | Bought a scroll of teleportation for 84 gold pieces
 77809 | Shoals:1 | Bought a potion of heal wounds for 225 gold pieces
 78255 | Zot:1    | Reached skill level 5 in Shields
 78525 | Zot:4    | Reached XP level 26. HP: 256/256 MP: 25/25
 78584 | Zot:5    | Entered Level 5 of the Realm of Zot
 78757 | Zot:4    | Reached skill level 10 in Shields
 78831 | Zot:4    | Gained mutation: Your spells are harder to cast, but more powerful. [potion of beneficial mutation]
 78832 | Zot:4    | Gained mutation: Your flesh is cold resistant. (rC+) [potion of beneficial mutation]
 79243 | Zot:4    | Learned a level 2 spell: Song of Slaying
 79258 | Zot:4    | Learned a level 3 spell: Spectral Weapon
 79281 | Zot:4    | Identified Sif Muna's Disquisition on the Frostbite
 79323 | Zot:4    | Learned a level 2 spell: Repel Missiles
 79910 | Crypt:1  | Entered Level 1 of the Crypt
 80715 | Crypt:1  | Got a brightly glowing chain mail
 80726 | Crypt:1  | Identified the +4 chain mail "Vobbaxim" {rElec Str-4 Int+6} (You found it on level 1 of the Crypt)
 80952 | Crypt:1  | Reached skill level 15 in Shields
 81150 | Crypt:2  | Reached skill level 1 in Charms
 81324 | Crypt:2  | Reached skill level 5 in Charms
 82137 | Crypt:3  | Entered Level 3 of the Crypt
 82442 | Crypt:3  | Got an ancient pewter ring
 82444 | Crypt:3  | Identified the ring "Hirow" {Ice MP+9 Int+4} (You found it on level 3 of the Crypt)
 82553 | Crypt:3  | Reached XP level 27. HP: 264/264 MP: 24/24
 82713 | Crypt:3  | Found a staircase to the Tomb.
 82713 | Crypt:3  | Noticed an ancient lich
 84229 | Crypt:3  | Reached skill level 10 in Charms
 84389 | Crypt:3  | Noticed an ancient lich
 84415 | Crypt:3  | Killed an ancient lich
 84444 | Crypt:3  | Found an ancient bone altar of Kikubaaqudgha.
 84446 | Crypt:3  | Noticed an ancient lich
 84463 | Crypt:3  | Noticed an ancient lich
 84475 | Crypt:3  | Killed an ancient lich
 84602 | Crypt:3  | Killed an ancient lich
 84816 | Crypt:3  | Killed an ancient lich
 84948 | Crypt:3  | Got a translucent tin ring
 84950 | Crypt:3  | Identified the ring of Buridwaa {+Fly rN+ Dex+7} (You found it on level 3 of the Crypt)
 85712 | Vaults:5 | Entered Level 5 of the Vaults
 85763 | Vaults:5 | Found Oloan's Armour Boutique.
 85794 | Vaults:5 | Reached skill level 1 in Hexes
 86024 | Vaults:5 | Reached skill level 5 in Hexes
 86279 | Vaults:5 | Lost mutation: You evolve. [end of evolution]
 86300 | Vaults:5 | Reached skill level 10 in Hexes
 86852 | Vaults:5 | Got a silver rune of Zot
 86868 | Vaults:5 | Identified a +1 pair of boots of running (You found it on level 5 of the Vaults)
 87138 | Vaults:5 | Found Dacuitas's Weapon Shop.
 87778 | Slime:5  | Noticed the Royal Jelly
 87786 | Slime:5  | Found a viscous altar of Jiyva.
 87858 | Slime:4  | Gained mutation: Scrolls take you longer to read. [a shining eye]
 87956 | Slime:5  | Killed the Royal Jelly
 87985 | Slime:5  | Got a slimy rune of Zot
 88003 | Slime:5  | Got a transparent scale mail
 88014 | Slime:5  | Identified the +5 scale mail of Dim Light {rC+} (You found it on level 5 of the Pits of Slime)
 88035 | Slime:5  | Learned a level 3 spell: Portal Projectile
 88044 | Slime:5  | Got a bronze chain mail
 88050 | Slime:5  | Identified the +4 chain mail "Xerunauf" {Int+3} (You found it on level 5 of the Pits of Slime)
 88088 | Slime:5  | Identified a +0 rod of clouds (9/9) (You found it on level 5 of the Pits of Slime)
 90030 | Zot:5    | Reached skill level 15 in Charms
 90178 | Zot:5    | Gained mutation: You tend to lose your temper in combat. [an orb of fire]
 90179 | Zot:5    | Noticed an orb of fire
 90179 | Zot:5    | Noticed an orb of fire
 90179 | Zot:5    | Noticed an orb of fire
 90180 | Zot:5    | Noticed an ancient lich
 90180 | Zot:5    | Noticed an orb of fire
 90182 | Zot:5    | Gained mutation: Your body sometimes deteriorates upon taking damage. [an orb of fire]
 90248 | Zot:5    | Lost mutation: Your spells are harder to cast, but more powerful. [an orb of fire]
 90249 | Zot:5    | Gained mutation: You are frail. (-10% HP) [an orb of fire]
 90267 | Zot:5    | Gained mutation: You sometimes yell uncontrollably at your foes. [an orb of fire]
 90275 | Zot:5    | Killed an orb of fire
 90304 | Zot:5    | Noticed an ancient lich
 90330 | Zot:5    | Killed an ancient lich
 90330 | Zot:5    | Reached skill level 15 in Translocations
 90335 | Zot:5    | Noticed an ancient lich
 90355 | Zot:5    | Killed an orb of fire
 90423 | Zot:5    | Got the Orb of Zot
 90520 | Zot:1    | Noticed Umoit the pandemonium lord
 90948 | D:4      | Killed EvilAshe's ghost
 91004 | D:$      | Escaped with the Orb!

Skill      XL: |  1  2  3  4  5  6  7  8  9 10 11 12 13 14 15 16 17 18 19 20 21 22 23 24 25 26 27 |
---------------+----------------------------------------------------------------------------------+-----
Fighting       | 1 2 3 4 5 6 7 10 11 12 13 14 16 | 16.0
Unarmed Combat | 3 |  3.4
Transmutations | 2 5 |  5.0
Maces & Flails | 2 3 4 5 6 |  6.0
Armour         | 2 5 6 9 11 13 14 17 19 20 | 20.1
Short Blades   | 3 4 |  4.0
Dodging        | 4 7 8 10 11 12 13 15 16 18 | 18.3
Axes           | 1 8 9 10 11 13 14 15 17 18 19 | 19.7
Invocations    | 4 5 6 8 11 12 14 15 | 15.0
Necromancy     | 5 8 |  8.1
Evocations     | 5 6 8 9 12 14 17 19 | 19.3
Spellcasting   | 2 4 5 6 |  6.0
Throwing       | 7 9 11 12 15 16 | 16.0
Translocations | 7 8 10 11 15 | 15.0
Summonings     | 5 8 |  8.0
Earth Magic    | 6 9 |  9.1
Shields        | 7 15 | 15.0
Charms         | 8 15 | 15.2
Hexes          | 11 | 11.5

Action                   |  1- 3 |  4- 6 |  7- 9 | 10-12 | 13-15 | 16-18 | 19-21 | 22-24 | 25-27 || total
-------------------------+-------+-------+-------+-------+-------+-------+-------+-------+-------++-------
Melee: Unarmed           |    68 |       |       |       |       |       |       |       |       ||    68
       Headbutt          |     5 |       |       |       |       |       |       |   272 |   759 ||  1036
       Kick              |     1 |       |       |       |       |       |       |       |       ||     1
       Whip              |    63 |   422 |   109 |       |       |       |       |       |       ||   594
       Punch             |     1 |     4 |     8 |     4 |       |       |       |       |       ||    17
       Mace              |       |    20 |     4 |       |       |       |       |       |       ||    24
       Rapier            |       |       |   354 |   183 |    20 |       |       |       |       ||   557
       Hand axe          |       |       |   238 |   139 |       |       |       |       |       ||   377
       Flail             |       |       |     7 |       |       |       |       |       |       ||     7
       Battleaxe         |       |       |       |   558 |  1530 |   868 |   328 |  2154 |   432 ||  5870
       Executioner's axe |       |       |       |       |       |   813 |  1553 |       |       ||  2366
       Staff             |       |       |       |       |       |       |     4 |       |       ||     4
       Bite              |       |       |       |       |       |       |       |   213 |   442 ||   655
       Broad axe         |       |       |       |       |       |       |       |       |  2657 ||  2657
       Sacred scourge    |       |       |       |       |       |       |       |       |   127 ||   127
 Fire: Blowgun           |       |       |       |    16 |    83 |   320 |     4 |     6 |     3 ||   432
       Shortbow          |       |       |       |     2 |       |       |       |       |       ||     2
Throw: Stone             |    42 |   152 |   111 |   238 |   239 |   150 |     5 |       |       ||   937
       Javelin           |       |       |     8 |    11 |    13 |    83 |   197 |   121 |    75 ||   508
       Throwing net      |       |       |     4 |     2 |     1 |     3 |       |     3 |       ||    13
       Tomahawk          |       |       |     1 |       |    31 |    99 |    31 |       |       ||   162
 Cast: Beastly Appendage |     8 |       |       |       |       |       |       |       |       ||     8
       Animate Skeleton  |       |       |       |    35 |    81 |    80 |    66 |   135 |    79 ||   476
       Apportation       |       |       |       |       |       |    40 |    49 |    77 |    20 ||   186
       Blink             |       |       |       |       |       |       |     4 |     5 |     1 ||    10
       Passwall          |       |       |       |       |       |       |       |     2 |       ||     2
       Song of Slaying   |       |       |       |       |       |       |       |       |     9 ||     9
       Repel Missiles    |       |       |       |       |       |       |       |       |     8 ||     8
Invok: Lesser Servant of |       |       |       |     9 |     1 |     5 |    10 |     1 |       ||    26
       Minor Destruction |       |       |       |     2 |       |     2 |       |    12 |       ||    16
       Major Destruction |       |       |       |       |     2 |     3 |     5 |     3 |     1 ||    14
       Greater Servant o |       |       |       |       |       |     3 |     2 |     2 |     2 ||     9
 Abil: Device Recharging |       |       |     3 |     5 |       |     1 |     2 |       |     3 ||    14
       Stop Flying       |       |       |       |       |     1 |     3 |       |       |       ||     4
       Evoke Flight      |       |       |       |       |       |    12 |     1 |       |       ||    13
Evoke: Wand              |     1 |     3 |    11 |    24 |    18 |    32 |    20 |     2 |    17 ||   128
       Lamp of fire      |       |       |       |     1 |     3 |     6 |     7 |     1 |    13 ||    31
       Fan of gales      |       |       |       |       |       |       |     1 |       |     1 ||     2
       Phial of floods   |       |       |       |       |       |       |     3 |     1 |     2 ||     6
       Rod               |       |       |       |       |       |       |     7 |    22 |    46 ||    75
       Box of beasts     |       |       |       |       |       |       |       |       |     3 ||     3
       Sack of spiders   |       |       |       |       |       |       |       |       |     2 ||     2
  Use: Scroll            |       |     2 |     7 |    18 |    13 |    30 |    20 |     6 |    21 ||   117
       Potion            |       |       |       |     5 |     2 |     6 |     2 |     1 |     7 ||    23
 Stab: Held in net/web   |       |       |     1 |     1 |     1 |       |       |     1 |       ||     4
       Confused          |       |       |       |     3 |     9 |     1 |       |       |       ||    13
       Distracted        |       |       |       |     1 |     9 |    10 |    10 |    22 |    17 ||    69
  Eat: Chunk             |     1 |    14 |    22 |    90 |    48 |    35 |    29 |    49 |    16 ||   304
       Bread ration      |       |       |     1 |     1 |       |     2 |     3 |     3 |     6 ||    16
       Meat ration       |       |       |       |       |       |     1 |       |     1 |     3 ||     5
       Fruit             |       |       |       |       |       |     1 |    10 |       |     2 ||    13
       Beef jerky        |       |       |       |       |       |       |     1 |     1 |     1 ||     3
       Pizza             |       |       |       |       |       |       |       |       |     2 ||     2
       Royal jelly       |       |       |       |       |       |       |       |       |     1 ||     1
Armor: Robe              |     7 |       |       |       |       |       |       |       |       ||     7
       Ring mail         |    10 |       |       |       |       |       |       |       |       ||    10
       Chain mail        |    29 |   236 |   409 |   612 |   276 |       |       |       |       ||  1562
       Plate armour      |       |       |       |       |   837 |  1943 |  1158 |   910 |   949 ||  5797
       Skin              |       |       |       |       |       |     1 |       |       |       ||     1
Dodge: Dodged            |    57 |   118 |   257 |   441 |   806 |  1251 |  1043 |  1670 |  1087 ||  6730
       Deflected         |       |       |       |       |       |       |       |       |    25 ||    25
Block: Shield            |       |       |       |       |       |       |       |       |  2914 ||  2914
